 Dungeon Crawl Stone Soup version 0.22.0-38-g04b72b8c25 (webtiles) character file.

585 Fymir27 the Firebug (level 7, -5/38 HPs)
             Began as a Deep Elf Fire Elementalist on Aug 28, 2018.
             Killed from afar by an orc wizard (6 damage)
             ... with a magic dart
             ... on level 4 of the Dungeon.
             The game lasted 00:28:04 (5277 turns).

Fymir27 the Firebug (Deep Elf Fire Elementalist)    Turns: 5277, Time: 00:28:04

Health: -5/38      AC:  3    Str:  5    XL:     7   Next: 15%
Magic:  3/16       EV: 19    Int: 22    God:
Gold:   171        SH:  0    Dex: 20    Spells: 3/16 levels left

rFire    . . .     SeeInvis .   B - +0 war axe (venom)
rCold    . . .     Gourm    .   (no shield)
rNeg     . . .     Faith    .   d - +0 robe
rPois    .         Spirit   .   (no helmet)
rElec    .         Reflect  .   m - +0 cloak
rCorr    .         Harm     .   (no gloves)
MR       .....                  (no boots)
Stlth    ++++......             (no amulet)
HPRegen  0.12/turn              (no ring)
MPRegen  0.15/turn              (no ring)

@: agile, very slightly contaminated
A: no striking features
a: no special abilities


You were on level 4 of the Dungeon.
You were hungry.

You visited 1 branch of the dungeon, and saw 5 of its levels.

You collected 171 gold pieces.

Inventory:

Hand Weapons
 a - a +0 dagger
 e - a +0 hunting sling
 h - a +0 spear
 u - a +0 dagger
 B - a +0 war axe of venom (weapon)
Missiles
 g - 237 stones (quivered)
 l - 8 sling bullets
 r - 79 bolts
 t - 36 poisoned needles
 E - 24 arrows
Armour
 d - a +0 robe (worn)
 m - a +0 cloak (worn)
 q - a cursed +0 ring mail
Jewellery
 x - an uncursed ring of positive energy {unknown}
 y - a +4 ring of strength {unknown}
Scrolls
 b - 6 scrolls of teleportation
 f - a scroll of enchant armour {unknown}
 j - a scroll of amnesia {unknown}
 k - a scroll of enchant weapon {unknown}
 v - a scroll of random uselessness {unknown}
 w - a scroll of noise {unknown}
 C - a scroll of blinking {unknown}
 D - a scroll of remove curse {unknown}
Potions
 n - a potion of curing
 p - a potion of degeneration {unknown}
 s - a potion of mutation {unknown}
 z - a potion of haste {unknown}
 A - a potion of lignification {unknown}
Comestibles
 c - 15 rations


   Skills:
 + Level 1.3 Fighting
 - Level 3.0 Dodging
 - Level 3.0 Stealth
 + Level 5.2 Spellcasting
 * Level 4.9 Conjurations
 * Level 5.8 Fire Magic


You had 3 spell levels left.
You knew the following spells:

 Your Spells              Type           Power        Failure   Level  Hunger
a - Flame Tongue          Conj/Fire      ####.        1%          1    None
b - Conjure Flame         Conj/Fire      ####....     3%          3    ##.....
c - Sticky Flame          Conj/Fire      ####....     11%         4    ####...
d - Fireball              Conj/Fire      ####......   30%         5    #####..

Your spell library contained the following spells:

 Spells                   Type           Power        Failure   Level  Hunger
 Throw Flame              Conj/Fire      ####..       1%          2    None
 Inner Flame              Hex/Fire       ###.....     9%          3    ##.....


Dungeon Overview and Level Annotations

Branches:
Dungeon (5/15)
 Temple: D:4-7

Altars:
Dithmenos
Elyvilon
Fedhas
Gozag
Qazlal
Sif Muna
Trog
Xom
Yredelemnul
Zin


Message History

Wield which item (- for none, * to show all)? (? for menu, Esc to quit)
Okay, then.
It was a potion of agility.
You feel agile all of a sudden. Something barely misses you.
Wield which item (- for none, * to show all)? (? for menu, Esc to quit)
Your +0 war axe of venom begins to drip with poison!
B - a +0 war axe of venom (weapon)
You hear some strange, mumbled words.
A puff of flame appears from out of thin air!
The puff of flame hits you!
* * * LOW HITPOINT WARNING * * *
You hit something but do no damage. Something hits you but does no damage.
Something hits you.
* * * LOW HITPOINT WARNING * * *
You closely miss something.
Something hits you but does no damage. x2
You hear some strange, mumbled words.
A magic dart appears from out of thin air!
The magic dart hits you!
You die...

.####.........####...#.#########.
.# ##.......## ##.##.# #. .#
##.....## ####.# #. .# ##...##
#.# #. .# ##'##### #.# ## .#
#.###.## #.# # .# #.##.#.#### #.#
#### .# ##...###...# #.# #... ##
##...## ##@.# #.# #.## #...##
##>####.# #.## #######....##
##.......# #.##
........#.#.###.#.###### #.##
#########....#....# #.#
#.###.##### #.## #.# ### #... #.#
##### #.# #....


There were no monsters in sight!

Vanquished Creatures
  Blork the orc (D:4)
  A scorpion (D:4)
  A hound (D:4)
  2 orc wizards
  A gnoll shaman (D:4)
  2 orc priests
  4 worker ants (D:4)
  A hound skeleton (D:4)
  4 gnolls
  3 adders
  A shadow imp (D:4)
  An ooze (D:2)
  3 worms
  A dart slug (D:2)
  2 leopard geckos
  9 orcs
  8 bats
  8 giant cockroaches
  7 goblins
  7 hobgoblins
  6 kobolds
  4 quokkas
  7 frilled lizards
  A quokka skeleton (D:4)
  23 rats
108 creatures vanquished.

Notes
Turn   | Place    | Note
-------+----------+-------------------------------------------
     0 | D:1      | Fymir27 the Deep Elf Fire Elementalist began the quest for the Orb.
     0 | D:1      | Reached XP level 1. HP: 10/10 MP: 6/6
   251 | D:1      | Reached XP level 2. HP: 15/15 MP: 5/8
  1201 | D:2      | Reached XP level 3. HP: 15/19 MP: 2/9
  1461 | D:2      | Learned a level 3 spell: Conjure Flame
  1736 | D:2      | Found a stormy altar of Qazlal.
  2013 | D:2      | Reached XP level 4. HP: 21/24 MP: 6/11
  2065 | D:2      | Learned a level 4 spell: Sticky Flame
  2965 | D:3      | Reached XP level 5. HP: 28/28 MP: 9/13
  3841 | D:4      | Reached skill level 5 in Spellcasting
  3841 | D:4      | Reached XP level 6. HP: 31/32 MP: 6/15
  3906 | D:4      | Learned a level 5 spell: Fireball
  3972 | D:4      | Reached skill level 5 in Fire Magic
  4113 | D:4      | Found a bloodstained altar of Trog.
  4202 | D:4      | Noticed Blork the orc
  4214 | D:4      | Killed Blork the orc
  4446 | D:4      | Reached skill level 1 in Fighting
  4705 | D:4      | Found an opulent altar of Gozag.
  4708 | D:4      | Found a deep blue altar of Sif Muna.
  4712 | D:4      | Found a glowing silver altar of Zin.
  4712 | D:4      | Found a shadowy altar of Dithmenos.
  4712 | D:4      | Found a shimmering altar of Xom.
  4714 | D:4      | Found a basalt altar of Yredelemnul.
  4715 | D:4      | Found a white marble altar of Elyvilon.
  4717 | D:4      | Found a blossoming altar of Fedhas.
  4750 | D:4      | Reached XP level 7. HP: 33/38 MP: 10/16
  5230 | D:5      | Entered Level 5 of the Dungeon
  5276 | D:4      | HP: 1/38 [something (2)]
  5277 | D:4      | Killed from afar by an orc wizard

Skill      XL: |  1  2  3  4  5  6 |
---------------+-------------------+-----
Conjurations   | 2 3 4 |  4.9
Fire Magic     | 4 5 |  5.8
Stealth        | 3 |  3.0
Spellcasting   | 4 5 |  5.2
Dodging        | 3 |  3.0
Fighting       | 1 |  1.3

Action                   |  1- 3 |  4- 6 |  7- 9 || total
-------------------------+-------+-------+-------++-------
Melee: Dagger            |    20 |     7 |     3 ||    30
       Spear             |    31 |    87 |       ||   118
       War axe           |       |       |     5 ||     5
 Fire: Hunting sling     |       |     3 |     4 ||     7
Throw: Stone             |       |     2 |     1 ||     3
 Cast: Flame Tongue      |    61 |    91 |    26 ||   178
       Conjure Flame     |     1 |     8 |     1 ||    10
       Sticky Flame      |       |     1 |       ||     1
  Use: Scroll            |       |     3 |       ||     3
       Potion            |       |       |     2 ||     2
 Stab: Sleeping          |     3 |     6 |       ||     9
  Eat: Chunk             |     3 |    10 |     1 ||    14
Armor: Robe              |    18 |    21 |     7 ||    46
Dodge: Dodged            |    45 |    56 |     5 ||   106
